[ PARTIDA AOE2 · #481382864 ]
UnrankedChinos vs Gurjaras
[ ANÁLISIS DE REPETICIÓN · EXTRAÍDO DE LA PARTIDA GRABADA ]
Feudal
—
Castillos
—
Imperial
—
| APM promedio | 6.0 |
| APM pico | 13 |
| eAPM promedio | 1.7 |
| Aldeanos / militares | 0 / 0 |
Foco
⚔️ 0.0% · 🌾 100.0%
Feudal
—
Castillos
—
Imperial
—
| APM promedio | 57.6 |
| APM pico | 72 |
| eAPM promedio | 24.7 |
| Aldeanos / militares | 17 / 0 |
Foco
⚔️ 22.2% · 🌾 77.8%
Feudal
—
Castillos
—
Imperial
—
| APM promedio | 6.2 |
| APM pico | 31 |
| eAPM promedio | 4.8 |
| Aldeanos / militares | 5 / 0 |
Foco
⚔️ 33.3% · 🌾 66.7%
Feudal
—
Castillos
—
Imperial
—
| APM promedio | 31.6 |
| APM pico | 59 |
| eAPM promedio | 14.1 |
| Aldeanos / militares | 17 / 0 |
Foco
⚔️ 10.2% · 🌾 89.8%
Feudal
—
Castillos
—
Imperial
—
| APM promedio | 38.9 |
| APM pico | 71 |
| eAPM promedio | 11.8 |
| Aldeanos / militares | 20 / 0 |
Foco
⚔️ 16.1% · 🌾 83.9%
Feudal
—
Castillos
—
Imperial
—
| APM promedio | 4.8 |
| APM pico | 16 |
| eAPM promedio | 1.3 |
| Aldeanos / militares | 0 / 0 |
Mapa de la partida
Recursos iniciales + cada clic de construcción. Líneas = muros · curvas = relieve. ◆ oro · ⬟ piedra · ● bayas · ✦ reliquia · ◌ hueco del cierre
Tu base
Base de PedroAOE
Base de Granny
Base de ArKa | Vizconde Medardo
Base de Carpincho Fernández
Base de Michel Brioche
Terreno inicial suavizado · ◌ = hueco del cierre detectado · pasá el cursor para detalles
Inputs por minuto
— Monsitron - - PedroAOE
Build order — Monsitron
2 acciones detectadas en el replay
| 0:17 | Construir | Mill |
| 2:52 | Investigar | Loom |
Build order — PedroAOE
23 acciones detectadas en el replay
| 0:01 | Crear | Villager (Male) |
| 0:01 | Crear | Villager (Male) |
| 0:01 | Crear | Villager (Male) |
| 0:05 | Investigar | Loom |
| 0:09 | Construir | House |
| 0:12 | Construir | House |
| 0:17 | Crear | Villager (Male) |
| 0:17 | Crear | Villager (Male) |
| 0:18 | Crear | Villager (Male) |
| 0:19 | Crear | Villager (Male) |
| 0:50 | Construir | Mill |
| 2:19 | Crear | Villager (Male) |
| 2:46 | Crear | Villager (Male) |
| 3:00 | Crear | Villager (Male) |
| 3:01 | Crear | Villager (Male) |
| 3:22 | Construir | Lumber Camp |
| 3:26 | Construir | House |
| 3:50 | Crear | Villager (Male) |
| 3:51 | Crear | Villager (Male) |
| 3:51 | Crear | Villager (Male) |
| 4:17 | Crear | Villager (Male) |
| 4:17 | Crear | Villager (Male) |
| 4:18 | Crear | Villager (Male) |
Build order — Granny
8 acciones detectadas en el replay
| 0:03 | Construir | House |
| 0:05 | Construir | House |
| 0:13 | Crear | Villager (Male) |
| 0:13 | Crear | Villager (Male) |
| 0:13 | Crear | Villager (Male) |
| 0:14 | Crear | Villager (Male) |
| 0:14 | Crear | Villager (Male) |
| 0:16 | Investigar | Loom |
Build order — ArKa | Vizconde Medardo
20 acciones detectadas en el replay
| 0:02 | Crear | Villager (Male) |
| 0:03 | Crear | Villager (Male) |
| 0:03 | Crear | Villager (Male) |
| 0:03 | Crear | Villager (Male) |
| 0:03 | Crear | Villager (Male) |
| 0:06 | Construir | House |
| 0:11 | Investigar | Loom |
| 0:12 | Crear | Villager (Male) ×4 |
| 0:14 | Construir | House |
| 1:37 | Crear | Villager (Male) |
| 2:28 | Crear | Villager (Male) |
| 2:46 | Crear | Villager (Male) |
| 2:50 | Construir | House |
| 3:19 | Crear | Villager (Male) |
| 3:35 | Crear | Villager (Male) |
| 3:42 | Construir | Mill |
| 4:06 | Crear | Villager (Male) |
| 4:24 | Crear | Villager (Male) |
| 4:51 | Construir | Lumber Camp |
| 4:55 | Crear | Villager (Male) |
Build order — Carpincho Fernández
21 acciones detectadas en el replay
| 0:02 | Crear | Villager (Male) |
| 0:02 | Crear | Villager (Male) |
| 0:05 | Crear | Villager (Male) |
| 0:05 | Crear | Villager (Male) |
| 0:05 | Crear | Villager (Male) |
| 0:06 | Crear | Villager (Male) |
| 1:28 | Crear | Villager (Male) |
| 1:28 | Crear | Villager (Male) |
| 1:28 | Crear | Villager (Male) |
| 1:28 | Crear | Villager (Male) |
| 2:24 | Construir | Lumber Camp |
| 2:28 | Crear | Villager (Male) |
| 2:28 | Crear | Villager (Male) |
| 2:57 | Crear | Villager (Male) |
| 2:57 | Crear | Villager (Male) |
| 2:57 | Crear | Villager (Male) |
| 3:39 | Crear | Villager (Male) |
| 3:39 | Crear | Villager (Male) |
| 3:39 | Crear | Villager (Male) |
| 4:28 | Crear | Villager (Male) |
| 4:28 | Crear | Villager (Male) |
Build order — Michel Brioche
0 acciones detectadas en el replay
Cronología de la partida
| 5:06 | Michel Brioche · resign |
[ ANÁLISIS IA · 1 CRÉDITO ]
¿Qué pasó realmente en esta partida?
Wolo.gg analiza cada decisión: build order, eco, micro, errores típicos por bracket. Análisis personalizado por WhatsApp o Discord en 30 segundos.
Guía civ
Chinos
Perfil
Jugador #701873